 Dungeon Crawl Stone Soup version 0.31-a0-986-g5e6e4ef867 (webtiles) character file.

Game seed: 13416542033696406316

625 gelatine the Chopper (level 7, 0/54 HPs)
             Began as a Demonspawn Fighter on Nov 13, 2023.
             Slain by Pikel
             ... wielding a +2 whip of freezing
              (5 damage)
             ... on level 4 of the Dungeon.
             The game lasted 00:07:53 (2386 turns).

gelatine the Chopper (Demonspawn Fighter)           Turns: 2386, Time: 00:07:53

Health: 0/54       AC:  9    Str: 19    XL:     7   Next: 23%
Magic:  7/7        EV: 11    Int:  9    God:
Gold:   158        SH:  4    Dex: 12    Spells: 6/6 levels left

rFire   + . .        u - +1 war axe (freeze)
rCold   . . .        c - +0 buckler
rNeg    + . .        v - +2 leather armour {rF+}
rPois   .            r - +0 helmet
rElec   .            g - scarf {repulsion}
rCorr   .            (no gloves)
SInv    +            t - +2 pair of boots
Will    .....        (no amulet)
Stlth   +            i - ring of see invisible
HPRegen 0.29/turn    l - ring of positive energy
MPRegen 0.10/turn

%: repel missiles
@: no status effects
A: claws 2, sturdy frame 2
a: no special abilities


You were on level 4 of the Dungeon.
You visited 1 branch of the dungeon, and saw 4 of its levels.

You collected 158 gold pieces.

Inventory:

Hand Weapons
 a - a +0 war axe
 u - a +1 war axe of freezing (weapon)
Missiles
 h - a throwing net
Armour
 b - a +0 scale mail
 c - a +0 buckler (worn)
 g - a scarf of repulsion (worn)
 r - a +0 helmet (worn)
 t - a +2 pair of boots (worn)
 v - a +2 leather armour of fire resistance (worn)
Jewellery
 i - a ring of see invisible (left claw)
 l - a ring of positive energy (right claw)
Wands
 p - a wand of flame (4) (quivered)
Scrolls
 e - 2 scrolls of immolation
 f - 2 scrolls of identify
 m - a scroll of teleportation {unknown}
 o - a scroll of amnesia {unknown}
 q - a scroll of enchant armour {unknown}
Potions
 d - a potion of might
 j - a potion of curing
 k - 2 potions of mutation
 n - a potion of heal wounds {unknown}
 s - a potion of lignification {unknown}


   Skills:
 * Level 4.0 Fighting
 * Level 5.1 Axes
 * Level 4.0 Armour
 * Level 2.0 Dodging
 * Level 3.5 Shields
 + Level 0.3 Evocations


You had 6 spell levels left.
You didn't know any spells.
Your spell library was empty.

Dungeon Overview and Level Annotations

Branches:
Dungeon (4/15)
 Temple: D:4-7

Altars:

Annotations:
D:4 Pikel


Innate Abilities, Weirdness & Mutations

You have very sharp fingernails.
Your movements are less encumbered by armour. (ER -4)


Message History

Pikel freezes you. The lemure hits you but does no damage.
Unknown command.
You hit Pikel. You freeze Pikel.
Pikel is heavily wounded.
You completely miss the lemure. You miss the lemure.
Pikel hits you with a +2 whip of freezing!
Pikel freezes you.
* * * LOW HITPOINT WARNING * * *
The lemure hits you.
* * * LOW HITPOINT WARNING * * *
The lemure misses you.
You closely miss Pikel.
Pikel is heavily wounded.
You barely miss the lemure. You closely miss the lemure.
The lemure hits you but does no damage. Pikel misses you.
The lemure closely misses you. You block the lemure's attack.
The lemure hits you!
* * * LOW HITPOINT WARNING * * *
Pikel hits you with a +2 whip of freezing.
* * * LOW HITPOINT WARNING * * *
Pikel freezes you.
* * * LOW HITPOINT WARNING * * *
It was a potion of curing.
You feel better.
Pikel hits you with a +2 whip of freezing.
* * * LOW HITPOINT WARNING * * *
Pikel freezes you.
* * * LOW HITPOINT WARNING * * *
The lemure hits you but does no damage. The lemure misses you.
As you read the scroll labelled FOINAXZEISU, it crumbles to dust.
The creatures around you are filled with an inner flame!
It was a scroll of immolation.
Pikel barely misses you. The lemure closely misses you.
The lemure barely misses you. The lemure attacks as it pursues you!
The lemure barely misses you.
As you read the scroll labelled QIULISITZER, it crumbles to dust.
It is a scroll of identify.
k - 2 potions of mutation A lemure comes into view.
Pikel hits you with a +2 whip of freezing.
You die...
Pikel says, "See you in Hell!"

.....5............
..................
#..................#
..............##....#
..................#.## .
..........#....#.....#..
........####..5#........
.........##)..5K........##......#
................@.......#........
................................#
............(..................#
..............................#
.......##................#....#
....#..##................#.>..#
... ##.###......###.....)..<..#
.. ##..###.#.#.##........#..## .
#....######..#........####


You could see Pikel (inner flame) and 2 lemures.

Vanquished Creatures
  Grinder (D:4)
  Sigmund (D:2)
  A lemure (D:4)
  A hound (D:4)
  A jelly (D:4)
  Jessica (D:2)
  An orc wizard (D:4)
  Natasha (thrice) (D:2)
  An adder (D:2)
  A worm (D:2)
  A dart slug (D:1)
  4 orcs
  6 endoplasms
  2 giant cockroaches (D:2)
  5 goblins
  7 hobgoblins
  6 jackals (D:4)
  5 kobolds
  A quokka (D:3)
  6 ball pythons
  5 bats
  3 frilled lizards
  6 rats
69 creatures vanquished.

Notes
Turn   | Place    | Note
-------+----------+-------------------------------------------
     0 | D:1      | gelatine the Demonspawn Fighter began the quest for the
                  | Orb.
     0 | D:1      | Reached XP level 1. HP: 18/18 MP: 1/1
   186 | D:1      | Gained mutation: You have sharp fingernails. [demonic
                  | ancestry]
   186 | D:1      | Reached XP level 2. HP: 24/24 MP: 2/2
   193 | D:1      | Found a faded altar of an unknown god.
   643 | D:2      | Reached skill level 2 in Axes
   718 | D:2      | Noticed Natasha
   728 | D:2      | Killed Natasha
   729 | D:2      | Gained mutation: Your movements are slightly less
                  | encumbered by armour. (ER -2) [demonic ancestry]
   729 | D:2      | Reached XP level 3. HP: 11/29 MP: 3/3
   891 | D:2      | Noticed Sigmund
   908 | D:2      | Killed Sigmund
   909 | D:2      | Reached skill level 3 in Axes
   909 | D:2      | Reached skill level 1 in Dodging
   909 | D:2      | Gained mutation: You have very sharp fingernails. [demonic
                  | ancestry]
   909 | D:2      | Reached XP level 4. HP: 15/36 MP: 4/4
   909 | D:2      | Reached XP level 5. HP: 17/41 MP: 5/5
   929 | D:2      | Noticed Natasha
   938 | D:2      | Killed Natasha
  1094 | D:2      | Noticed Natasha
  1098 | D:2      | Killed Natasha
  1099 | D:2      | Reached skill level 4 in Axes
  1099 | D:2      | Gained mutation: Your movements are less encumbered by
                  | armour. (ER -4) [demonic ancestry]
  1099 | D:2      | Reached XP level 6. HP: 46/48 MP: 6/6
  1426 | D:2      | Noticed Jessica
  1438 | D:2      | Killed Jessica
  2317 | D:4      | Noticed Grinder
  2331 | D:4      | Killed Grinder
  2332 | D:4      | Reached skill level 5 in Axes
  2332 | D:4      | Reached XP level 7. HP: 47/54 MP: 7/7
  2364 | D:4      | Noticed Pikel
  2377 | D:4      | HP: 1/54 [Pikel/+2 whip of freezing (2)]
  2386 | D:4      | Slain by Pikel

Illustrated notes

Levels and vault maps discovered:
D:1:      mainiacjoe_arrival_reflecting_pool, layout_basic,
          hellmonk_ecumenical_altar_arch_garden
D:2:      layout_loops_ring, uniq_sigmund, uniq_natasha, uniq_jessica
D:3:      layout_loops_ring
D:4:      layout_cave_pools, hangedman_abyss_or_decor_stagger,
          dreamdust_mushroom_princess, minmay_misc_feat_four_crosses,
          uniq_grinder, uniq_pikel

Skill      XL: |  1  2  3  4  5  6 |
---------------+-------------------+-----
Axes           | 2 3 4 5 |  5.1
Armour         | 3 4 |  4.0
Shields        | 3 |  3.5
Dodging        | 1 2 |  2.0
Fighting       | 4 |  4.0
Evocations     | |  0.3

Action                     |  1- 3 |  4- 6 |  7- 9 || total
---------------------------+-------+-------+-------++-------
  Melee: War axe           |   116 |    96 |    13 ||   225
  Evoke: Wand              |       |     6 |       ||     6
    Use: Potion            |     1 |       |     1 ||     2
         Scroll            |       |       |     2 ||     2
 Armour: Scale mail        |    99 |    58 |       ||   157
         Leather armour    |       |     1 |    19 ||    20
  Dodge: Dodged            |    55 |    48 |    20 ||   123
         Repelled          |     1 |       |       ||     1
  Block: Buckler           |    29 |    28 |     4 ||    61

Table legend: (Time is in decaauts)
 A = Elapsed time spent in this place.
 B = Non-inter-level travel time spent in this place.
 C = Inter-level travel time spent in this place.
 D = Time resting spent in this place.
 E = Time spent auto-exploring this place.
 F = Levels seen in this place.
 G = Mean time per level.
                   A        B        C        D        E       F      G
               +--------+--------+--------+--------+--------+-----+--------+
         Total |   2470 |   2399 |     71 |      0 |   1691 |   4 |  617.5 |
       Dungeon |   2470 |   2399 |     71 |      0 |   1691 |   4 |  617.5 |
               +--------+--------+--------+--------+--------+-----+--------+

Top non-repeatable levels by time:
     D:2: 1019 daAuts
     D:1: 661 daAuts
     D:3: 620 daAuts
     D:4: 167 daAuts
